 Dungeon Crawl Stone Soup version 0.21.1-1-g345015fe64 (webtiles) character file.

84051 PikkenKukken the Peltast (level 16, -1/133 HPs)
             Began as a Formicid Fighter on June 26, 2018.
             Was the Champion of the Shining One.
             Killed from afar by a thorn hunter (13 damage)
             ... with a volley of thorns
             ... on level 3 of the Swamp.
             The game lasted 01:13:47 (22378 turns).

PikkenKukken the Peltast (Formicid Fighter)        Turns: 22378, Time: 01:13:48

Health: -1/133     AC: 30    Str: 29    XL:     16   Next: 26%
Magic:  19/19      EV:  8    Int: 14    God:    the Shining One [******]
Gold:   4000       SH: 27    Dex: 22    Spells: 15/15 levels left

rFire    + + .     SeeInvis +   a - +9 hand axe "Nahaem" {freeze, Dex+4}
rCold    x . .     Gourm    +   p - +5 large shield
rNeg     + + +     Faith    .   G - +5 plate armour "Yjuwuc" {rC- Dex+7}
rPois    +         Spirit   .   (helmet unavailable)
rElec    .         Reflect  .   j - +2 cloak
rCorr    .         Harm     .   Y - +2 pair of gloves {Str+3}
MR       +....     Clarity  +   B - +0 pair of boots
Stlth    ..........             e - amulet of the gourmand
HPRegen  0.32/turn              L - ring of poison resistance
MPRegen  0.16/turn              c - ring of Lorosum {rF+ Int+5 Slay+3}

@: marked, glowing
A: permanent stasis, dig shafts and tunnels, four strong arms, antennae 3,
clarity, fire resistance 1, low mp 1, no potion heal 1
a: Dig, Shaft Self, Divine Shield, Cleansing Flame, Summon Divine Warrior, Brand
Weapon With Holy Wrath, Renounce Religion


You were on level 3 of the Swamp.
You worshipped the Shining One.
The Shining One was exalted by your worship.
You were not hungry.

You visited 5 branches of the dungeon, and saw 22 of its levels.
You also visited: Ossuary.

You collected 4717 gold pieces.
You spent 717 gold pieces at shops.

Inventory:

Hand Weapons
 a - the +9 hand axe "Nahaem" (weapon) {freeze, Dex+4}
   (You found it on level 9 of the Dungeon)

   It has been specially enchanted to freeze those struck by it, causing extra
   injury to most foes and up to half again as much damage against particularly
   susceptible opponents.
   It can also slow down cold-blooded creatures.
   It affects your dexterity (+4).
 b - a +0 arbalest
 I - a +2 war axe of electrocution
 K - a +2 war axe of flaming
Missiles
 o - 60 bolts
Armour
 j - a +2 cloak (worn)
 p - a +5 large shield (worn)
 B - a +0 pair of boots (worn)
 G - the +5 plate armour "Yjuwuc" (worn) {rC- Dex+7}
   (You found it on level 7 of the Dungeon)

   It affects your dexterity (+7).
   It makes you vulnerable to cold.
 Q - the +3 salamander hide armour {+Rage rF++}
   (You found it on level 5 of the Lair of Beasts)

   It greatly protects you from fire.
   It lets you go berserk.
 Y - a +2 pair of gloves of strength (worn)
Jewellery
 c - a ring of Lorosum (right hand) {rF+ Int+5 Slay+3}
   (You found it on level 6 of the Lair of Beasts)

   [ring of protection from fire]

   It affects your intelligence (+5).
   It affects your accuracy and damage with ranged weapons and melee attacks
   (+3).
   It protects you from fire.
 e - an amulet of the gourmand (around neck)
 k - a +3 ring of protection
 v - an uncursed ring of protection from magic
 H - an uncursed ring of fire
 J - a +3 ring of dexterity
 L - a ring of poison resistance (left hand)
 V - an uncursed ring of protection from cold
 W - a +3 ring of dexterity
 Z - the cursed ring of Bevvios {rElec rF+ Str-3}
   (You bought it in a shop on level 2 of the Orcish Mines)

   [ring of strength]

   It affects your strength (-3).
   It protects you from fire.
   It insulates you from electricity.
   It has a curse placed upon it.
Wands
 d - a wand of digging (70)
Scrolls
 m - a scroll of enchant armour
 q - 7 scrolls of remove curse
 y - 4 scrolls of amnesia
 A - a scroll of magic mapping
 E - 2 scrolls of enchant weapon
 M - a scroll of fear
 O - 6 scrolls of identify
 P - a scroll of acquirement
 T - a scroll of fog
Potions
 g - 4 potions of heal wounds
 h - a potion of cancellation
 i - 4 potions of agility
 l - 2 potions of brilliance
 n - a potion of ambrosia
 s - 7 potions of curing
 u - 2 potions of resistance
 x - 4 potions of flight
 S - 3 potions of might
Comestibles
 f - 25 rations


   Skills:
 + Level 14.3 Fighting
 + Level 13.1 Axes
 - Level 7.0 Crossbows
 + Level 14.3 Armour
 + Level 15.5 Shields
 - Level 7.0 Invocations


You had 15 spell levels left.
You didn't know any spells.

Dungeon Overview and Level Annotations

Branches:
Dungeon (10/15)            Temple (1/1) D:5            Lair (6/6) D:8
  Swamp (3/4) Lair:4       Spider (0/4) Lair:4        Slime (0/5) Lair:6
    Orc (2/2) D:10            Elf (0/3) Orc:2

Altars:
Ashenzari
Cheibriados
Elyvilon
Fedhas
Gozag
Hepliaklqana
Kikubaaqudgha
Makhleb
Nemelex Xobeh
Okawaru
Qazlal
Ru
Sif Muna
Trog
Uskayaw
Vehumet
Wu Jian
Yredelemnul
Zin
The Shining One
Beogh
Jiyva

Shops:
D:4 [   Orc:1 :   Orc:2 *(=[

Annotations:
D:6 exclusion: oklob plant


Innate Abilities, Weirdness & Mutations

You cannot be hasted, slowed, berserked, paralysed or teleported.
You can dig through walls and to a lower floor.
Your four strong arms can wield two-handed weapons with a shield.
You have a pair of large antennae on your head. (SInv)
You possess an exceptional clarity of mind.
Your flesh is heat resistant. (rF+)
Your magical capacity is low. (-10% MP)
Potions are less effective at restoring your health.


Message History

The spriggan dies!
You hear a splash.
The thorn hunter fires a volley of thorns at you.
You block the volley of thorns.
You slash the thorn hunter! You freeze the thorn hunter.
The thorn hunter is severely damaged.
You hit the spriggan. You freeze the spriggan.
The briar patch crumbles away.
The eight-headed hydra is engulfed in spectral mist.
The ghost crab breathes spectral mist at you.
The spectral mist engulfs the spectral blink frog.
Unknown command.
You slash the thorn hunter! You freeze the thorn hunter.
The thorn hunter is almost destroyed.
You hit the spriggan. You freeze the spriggan.
You kill the spriggan!
You hear a splash.
You escape the reach of the grasping roots.
The thorn hunter fires a volley of thorns at you.
The volley of thorns hits you!
You die...

.≈≈♣.§.≈♣ ..≈♣...≈♣♣
♣≈≈.≈♣..♣♣ ♣♣≈≈≈≈♣..♣♣
♣♣.{≈.≈≈.♣♣♣ > ≈≈
♣♣.≈≈.≈...♣§. ≈≈♣
♣.≈..i.≈.≈≈.
.≈≈≈.♣♣♣♣♣♣♣♣♣♣§.♣.≈≈♣.≈≈
.≈≈≈{♣w.@§DZWZ.§≈≈..≈≈.≈.
≈.≈...≈f♣Zt§§.≈♣.♣≈♣.≈.♣
♣♣..♣≈≈D§.§§§§.≈♣.♣.♣.♣.
♣.≈≈≈≈§§§P§.♣§♣.♣.♣.♣..
♣≈≈≈≈♣.§§♣P♣♣♣.♣.♣≈♣.♣.
♣♣.....≈≈♣♣.♣≈♣≈♣.♣♣♣.♣
♣.≈≈≈.....≈..♣.♣♣♣≈♣ ♣.
♣♣.≈≈.♣.≈.♣.♣♣♣≈♣ ♣.♣ ♣
♣≈<♣♣♣♣≈♣♣♣≈♣ ♣.♣ ≈♣


You could see a thorn hunter, an eight-headed hydra, a swamp dragon, a tyrant
leech, a ghost crab, a spectral alligator, a spectral seven-headed hydra, a
spectral blink frog and a shadow.

Vanquished Creatures
  Kirke (Lair:5)
  A thorn hunter (Swamp:3)
  The ghost of PikkenKukken the Peltast, an adept FoFi of Hepliaklqana (Swamp:2)
  2 orc warlords
  2 entropy weavers
  The ghost of
  359359 the Markscentaur, a journeyman CeMo of Okawaru (Lair:5)
  A dire elephant (Lair:6)
  An ettin (Orc:1)
  A fire dragon (Lair:6)
  Josephine (D:10)
  3 ghost crabs
  2 catoblepae (Lair:6)
  6 hydras
  3 two-headed ogres
  A queen ant (Lair:5)
  6 death yaks
  5 orc high priests
  Nergalle (D:10)
  The ghost of WobbleTop the Covert, a novice NaEn of Hepliaklqana (D:8)
  A swamp dragon (Lair:6)
  Pikel (D:8)
  2 shambling mangroves
  A lindwurm (Lair:6)
  5 orc knights
  A wolf spider (Lair:4)
  3 orc sorcerers
  Joseph (D:7)
  2 elephants (Lair:6)
  2 black mambas
  A centaur zombie (D:10)
  14 spiny frogs
  A torpor snail (Lair:5)
  9 komodo dragons
  4 rime drakes
  3 trolls
  A tyrant leech (Swamp:2)
  A polar bear (Lair:5)
  Prince Ribbit (D:7)
  5 hornets
  13 blink frogs
  11 hippogriffs
  5 slime creatures (Swamp:1)
  4 bog bodies
  9 dream sheep
  Sigmund (D:3)
  A shadow (Swamp:1)
  3 wraiths
  4 spriggans
  A wyvern (Lair:3)
  Eustachio (D:4)
  25 yaks
  4 hogs (Lair:5)
  5 basilisks
  Menkaure (D:7)
  13 swamp worms
  6 wargs
  An acid dragon (Lair:5)
  17 soldier ants
  7 water moccasins
  18 insubstantial wisps (Swamp:1)
  12 porcupines
  5 swamp drakes
  2 sky beasts
  37 orc warriors
  A necrophage (D:7)
  3 ice beasts
  2 slaves (D:8)
  A black bear (D:8)
  3 phantoms
  5 ogres
  16 wolves
  2 centaurs
  A big kobold (D:9)
  12 bullfrogs
  16 crocodiles
  A water moccasin zombie (D:6)
  2 wyvern skeletons
  5 scorpions
  11 wights
  7 electric eels
  4 howler monkeys
  2 crimson imps (D:5)
  A jelly (D:5)
  2 hounds
  2 centaur skeletons
  14 orc priests
  20 orc wizards
  2 bullfrog skeletons
  2 iguanas (Lair:6)
  Ijyb (D:3)
  27 worker ants
  A big kobold zombie (Ossuary)
  3 hound skeletons
  8 mummies (Ossuary)
  2 howler monkey skeletons
  A worker ant zombie (D:5)
  7 gnolls
  8 adders
  A shadow imp (D:6)
  12 white imps (Lair:1)
  An adder zombie (D:10)
  3 adder skeletons
  A dart slug (D:1)
  7 leopard geckos
  61 orcs
  5 bats
  4 giant cockroaches
  7 goblins
  7 hobgoblins
  17 jackals
  4 quokkas
  3 frilled lizards
  A gnoll zombie (Ossuary)
  A goblin zombie (D:4)
  3 hobgoblin zombies (Ossuary)
  11 kobolds
  2 kobold zombies (Ossuary)
  A leopard gecko zombie (D:8)
  An orc zombie (Ossuary)
  A quokka skeleton (D:4)
  3 rats
  A rat zombie (D:4)
  A briar patch (Swamp:3)
  3 fungi
  5 plants
667 creatures vanquished.

Vanquished Creatures (collateral kills)
  2 death yaks (Lair:5)
2 creatures vanquished.

Vanquished Creatures (others)
  A hydra (Swamp:3)
  An alligator (Swamp:3)
  2 hornets (Swamp:3)
  A spriggan (Swamp:3)
  2 slaves (D:8)
  A swamp drake (Swamp:3)
  An orc wizard (Orc:1)
  An orc (Orc:1)
  3 briar patches (Swamp:3)
  A bush (Lair:6)
  12 fungi
  8 plants
34 creatures vanquished.

Grand Total: 703 creatures vanquished

Notes
Turn   | Place    | Note
-------+----------+-------------------------------------------
     0 | D:1      | PikkenKukken the Formicid Fighter began the quest for the Orb.
     0 | D:1      | Reached XP level 1. HP: 18/18 MP: 1/1
   161 | D:1      | Reached XP level 2. HP: 22/24 MP: 2/2
   522 | D:1      | Reached skill level 4 in Shields
   532 | D:1      | Reached XP level 3. HP: 28/29 MP: 3/3
   960 | D:2      | Found a shattered altar of Ashenzari.
  1187 | D:2      | You fall through a shaft!
  1339 | D:3      | Noticed Sigmund
  1353 | D:3      | Killed Sigmund
  1353 | D:3      | Reached XP level 4. HP: 31/38 MP: 4/4
  1353 | D:3      | Reached XP level 5. HP: 36/43 MP: 5/5
  1353 | D:3      | Reached XP level 6. HP: 41/49 MP: 6/6
  1378 | D:3      | Noticed Ijyb
  1387 | D:3      | Killed Ijyb
  1505 | D:3      | Found a bloodstained altar of Trog.
  1505 | D:3      | Found a stormy altar of Qazlal.
  1524 | D:3      | Found a white marble altar of Elyvilon.
  1545 | D:3      | Reached skill level 5 in Shields
  2175 | D:4      | Noticed a hippogriff
  2193 | D:4      | Killed a hippogriff
  2193 | D:4      | Reached skill level 5 in Fighting
  2193 | D:4      | Reached skill level 5 in Armour
  2193 | D:4      | Reached XP level 7. HP: 42/56 MP: 7/7
  2235 | D:4      | Found a sand-covered staircase.
  2286 | Ossuary  | Entered an ossuary
  2867 | D:4      | You fall through a shaft!
  2867 | D:5      | Entered Level 5 of the Dungeon
  2890 | D:5      | Reached skill level 6 in Shields
  2890 | D:5      | Reached XP level 8. HP: 56/63 MP: 8/8
  2898 | D:4      | Noticed Eustachio
  2916 | D:4      | Killed Eustachio
  3362 | D:4      | Found Acwuocs's Antique Armour Shop.
  3373 | D:4      | Reached skill level 5 in Axes
  3662 | D:5      | You fall through a shaft!
  3694 | D:6      | Reached skill level 7 in Shields
  3724 | D:6      | Found a basalt altar of Yredelemnul.
  3725 | D:6      | Noticed an oklob plant
  3784 | D:5      | Found a snail-covered altar of Cheibriados.
  3791 | D:5      | Reached XP level 9. HP: 71/71 MP: 9/9
  3867 | D:5      | Found a sacrificial altar of Ru.
  3914 | D:5      | Found a snail-covered altar of Cheibriados.
  4020 | D:5      | Found a blossoming altar of Fedhas.
  4283 | D:5      | Found a bloodstained altar of Trog.
  4643 | D:5      | Found a staircase to the Ecumenical Temple.
  4653 | Temple   | Entered the Ecumenical Temple
  4700 | Temple   | Became a worshipper of the Shining One
  5072 | D:6      | Found a glowing silver altar of Zin.
  5431 | D:7      | Noticed Joseph
  5448 | D:7      | Killed Joseph
  5448 | D:7      | Reached skill level 8 in Shields
  5545 | D:7      | Got an ancient plate armour
  5559 | D:7      | Identified the +5 plate armour "Yjuwuc" {rC- Dex+7} (You found it on level 7 of the Dungeon)
  5582 | D:7      | Noticed a hippogriff
  5589 | D:7      | Killed a hippogriff
  5675 | D:7      | Noticed Menkaure
  6047 | D:7      | Killed Menkaure
  6047 | D:7      | Reached XP level 10. HP: 80/80 MP: 10/10
  6331 | D:7      | Noticed Prince Ribbit
  6335 | D:7      | Killed Prince Ribbit
  6348 | D:7      | Reached skill level 9 in Shields
  6351 | D:7      | Reached * piety under the Shining One
  7002 | D:8      | Noticed Pikel
  7014 | D:8      | Killed Pikel
  7079 | D:8      | Reached skill level 10 in Shields
  7079 | D:8      | Reached XP level 11. HP: 56/89 MP: 11/11
  7246 | D:8      | Found a staircase to the Lair.
  7306 | D:8      | Noticed a dagger
  7307 | D:8      | Found a hide-covered altar of Uskayaw.
  7308 | D:8      | Noticed a hand axe
  7437 | D:8      | Noticed WobbleTop's ghost (novice NaEn)
  7437 | D:8      | Reached ** piety under the Shining One
  7445 | D:8      | Killed WobbleTop's ghost
  7633 | Lair:1   | Entered Level 1 of the Lair of Beasts
  7836 | Lair:1   | Reached skill level 10 in Armour
  7891 | Lair:1   | Reached skill level 10 in Fighting
  7937 | Lair:1   | Reached skill level 11 in Shields
  8084 | Lair:1   | Found a frozen archway.
  8087 | Lair:1   | Reached *** piety under the Shining One
  8631 | Lair:2   | Reached XP level 12. HP: 98/98 MP: 12/12
  8748 | Lair:2   | Noticed a six-headed hydra
  8756 | Lair:2   | Killed a three-headed hydra
  9351 | Lair:3   | Gained mutation: You possess an exceptional clarity of mind. [potion of mutation]
  9351 | Lair:3   | Gained mutation: Your magical capacity is low. (-10% MP) [potion of mutation]
  9351 | Lair:3   | Gained mutation: Potions are less effective at restoring your health. [potion of mutation]
  9351 | Lair:3   | Gained mutation: Your flesh is heat resistant. (rF+) [potion of mutation]
  9373 | Lair:3   | Reached skill level 10 in Axes
  9603 | Lair:3   | Reached skill level 12 in Shields
 10012 | Lair:4   | Found a hole to the Spider Nest.
 10314 | Lair:4   | Found a staircase to the Swamp.
 10367 | Lair:4   | Reached skill level 1 in Crossbows
 10423 | Lair:4   | Noticed a five-headed hydra
 10432 | Lair:4   | Killed a one-headed hydra
 11187 | D:9      | Noticed a two-headed ogre
 11193 | D:9      | Killed a two-headed ogre
 11239 | D:9      | Got a crude hand axe
 11317 | D:9      | Reached XP level 13. HP: 101/106 MP: 11/11
 11359 | D:9      | Identified the +9 hand axe "Nahaem" {freeze, Dex+4} (You found it on level 9 of the Dungeon)
 11576 | D:9      | Found a sparkling altar of Nemelex Xobeh.
 11658 | D:9      | Found an ornate altar of the Wu Jian Council.
 11926 | Lair:5   | Noticed an eight-headed hydra
 11933 | Lair:5   | Killed a six-headed hydra
 12063 | Lair:5   | Noticed Kirke
 12074 | Lair:5   | Killed Kirke
 12210 | Lair:5   | Reached **** piety under the Shining One
 12213 | Lair:5   | Reached skill level 5 in Crossbows
 12256 | Lair:5   | Found the +3 salamander hide armour {+Rage rF++}
 12359 | Lair:5   | Reached skill level 13 in Shields
 12539 | Lair:5   | Noticed 359359's ghost (journeyman CeMo)
 12560 | Lair:5   | Killed 359359's ghost
 12887 | Lair:6   | Entered Level 6 of the Lair of Beasts
 13093 | Lair:6   | Found a viscous altar of Jiyva.
 13315 | Lair:6   | Noticed a fire dragon
 13336 | Lair:6   | Killed a fire dragon
 13383 | Lair:6   | Reached XP level 14. HP: 43/116 MP: 12/12
 13644 | Lair:6   | Found a staircase to the Slime Pits.
 13696 | Lair:6   | Identified the Catalogue of Toxic Augmentations
 13740 | Lair:6   | Identified 2 scrolls of acquirement
 13890 | Lair:6   | Noticed an entropy weaver
 13902 | Lair:6   | Killed an entropy weaver
 13923 | Lair:6   | Noticed an entropy weaver
 14262 | Lair:5   | Killed an entropy weaver
 14262 | Lair:5   | Reached skill level 14 in Shields
 14729 | Lair:6   | Reached ***** piety under the Shining One
 14746 | Lair:6   | Reached skill level 1 in Invocations
 15085 | Lair:6   | HP: 5/118 [catoblepas (13)]
 15088 | Lair:6   | HP: 2/118 [catoblepas (4)]
 15421 | Lair:6   | Noticed a dire elephant
 15447 | Lair:6   | Killed a dire elephant
 15712 | Lair:6   | Got a transparent ivory ring
 15714 | Lair:6   | Identified a ring of Lorosum {rF+ Int+5 Slay+3} (You found it on level 6 of the Lair of Beasts)
 16304 | D:10     | Entered Level 10 of the Dungeon
 16554 | D:10     | Found a staircase to the Orcish Mines.
 16582 | D:10     | Noticed Nergalle
 16593 | D:10     | Killed Nergalle
 16593 | D:10     | Reached XP level 15. HP: 124/124 MP: 16/16
 17289 | Orc:1    | Entered Level 1 of the Orcish Mines
 17289 | Orc:1    | Found Worchifuq's Book Shop.
 17293 | Orc:1    | Reached skill level 5 in Invocations
 17487 | Orc:1    | Noticed an orc warlord
 17770 | Orc:1    | Noticed Josephine
 17791 | D:10     | Killed Josephine
 17895 | D:10     | Killed an orc warlord
 17985 | Orc:1    | Found a transporter.
 18631 | Orc:2    | Entered Level 2 of the Orcish Mines
 18848 | Orc:2    | Found Fahybb's General Store.
 18864 | Orc:2    | Bought a potion of might for 56 gold pieces
 18864 | Orc:2    | Bought a scroll of identify for 28 gold pieces
 18864 | Orc:2    | Bought a +2 pair of gloves of strength for 301 gold pieces
 18864 | Orc:2    | Bought a ration for 70 gold pieces
 18904 | Orc:2    | Found Peohisku's Antique Weapon Shop.
 19089 | Orc:2    | Noticed an orc warlord
 19125 | Orc:1    | Killed an orc warlord
 19276 | Orc:2    | Found a roughly hewn altar of Beogh.
 19432 | Orc:2    | Found Mongod's Jewellery Shop.
 19442 | Orc:2    | Found a staircase to the Elven Halls.
 19464 | Orc:2    | Bought the cursed ring of Bevvios {rElec rF+ Str-3} for 262 gold pieces
 19478 | Orc:2    | Found Ybuimos's Antique Armour Shop.
 19690 | Orc:1    | Found a roughly hewn altar of Beogh.
 19692 | Orc:1    | Reached ****** piety under the Shining One
 19790 | Orc:1    | Found a transporter.
 20121 | Swamp:1  | Entered Level 1 of the Swamp
 20171 | Swamp:1  | Reached skill level 15 in Shields
 20922 | Swamp:2  | Noticed PikkenKukken's ghost (adept FoFi)
 20945 | Swamp:2  | Killed PikkenKukken's ghost
 21030 | Swamp:2  | Reached XP level 16. HP: 128/133 MP: 19/19
 22326 | Swamp:3  | Noticed a thorn hunter
 22339 | Swamp:3  | Killed a thorn hunter
 22357 | Swamp:3  | Noticed a thorn hunter
 22370 | Swamp:3  | HP: 2/133 [thorn hunter/volley of thorns (19)]
 22378 | Swamp:3  | Killed from afar by a thorn hunter

Skill      XL: |  1  2  3  4  5  6  7  8  9 10 11 12 13 14 15 16 |
---------------+-------------------------------------------------+-----
Shields        | 4 5 6 7 8 10 11 12 13 14 15 | 15.5
Fighting       | 4 5 6 7 9 10 11 12 13 14 | 14.3
Axes           | 3 4 5 6 8 9 10 11 12 13 | 13.1
Armour         | 4 5 6 7 9 10 11 12 13 14 | 14.3
Crossbows      | 2 5 7 |  7.0
Invocations    | 4 7 |  7.0

Action                   |  1- 3 |  4- 6 |  7- 9 | 10-12 | 13-15 | 16-18 || total
-------------------------+-------+-------+-------+-------+-------+-------++-------
Melee: War axe           |   130 |    86 |   351 |   415 |   183 |       ||  1165
       Hand axe          |       |       |       |       |   825 |    72 ||   897
 Fire: Arbalest          |       |       |       |       |   169 |    29 ||   198
Invok: Divine Shield     |       |       |       |       |     4 |       ||     4
 Abil: Dig               |       |       |       |     1 |       |       ||     1
  Use: Scroll            |     8 |     1 |     6 |    11 |    10 |     3 ||    39
       Potion            |     1 |       |     4 |     1 |     1 |     1 ||     8
  Eat: Chunk             |     1 |     3 |     6 |    12 |    29 |     3 ||    54
       Ration            |       |       |     2 |     2 |     2 |     1 ||     7
Armor: Plate armour      |    62 |    51 |   165 |   181 |   233 |    25 ||   717
Dodge: Dodged            |    26 |    10 |    39 |    54 |    99 |     9 ||   237
Block: Shield            |    55 |    21 |       |       |       |       ||    76
       Large shield      |       |    55 |   314 |   436 |   866 |    73 ||  1744
